 Dungeon Crawl Stone Soup version 0.22.1-6-g1668fe2c40 (webtiles) character file.

107087 Ihlosi the Bludgeoner (level 17, -5/106 HPs)
             Began as a Kobold Fighter on Jan 27, 2019.
             Was the Champion of the Shining One.
             Slain by a hornet (6 damage)
             ... created by a shambling mangrove
             ... while paralysed by a hornet
             ... on level 1 of the Swamp on Jan 28, 2019.
             The game lasted 02:11:34 (27689 turns).

Ihlosi the Bludgeoner (Kobold Fighter)             Turns: 27689, Time: 02:11:34

Health: -5/106     AC: 18    Str: 27    XL:     17   Next: 0%
Magic:  23/23      EV:  3    Int: 11    God:    the Shining One [******]
Gold:   366        SH:  0    Dex: 18    Spells: 19/19 levels left

rFire    + . .     SeeInvis .   W - +12 whip of Action {slash, *Slow rN++ Str+5}
rCold    . . .     Gourm    .   C - +1 shield {AC+3}
rNeg     + + +     Faith    .   w - +0 troll leather armour
rPois    +         Spirit   .   x - +2 hat
rElec    .         Reflect  .   H - +2 cloak {rPois}
rCorr    .         Harm     .   V - +2 pair of gloves {Dex+3}
MR       +....                  b - +0 pair of boots
Stlth    +.........             a - amulet of the Mantidfly {Regen+ Str+4}
HPRegen  1.07/turn              e - +4 ring of evasion
MPRegen  0.18/turn              X - ring of protection from fire

@: paralysed, lethally poisoned (-5 -> -5), slowed, glowing
A: small, carnivore
a: Divine Shield, Cleansing Flame, Summon Divine Warrior, Brand Weapon With Holy
Wrath, Renounce Religion


You were on level 1 of the Swamp.
You worshipped the Shining One.
The Shining One was exalted by your worship.
You were very full.

You visited 6 branches of the dungeon, and saw 24 of its levels.
You also visited: Labyrinth and Ice Cave.

You collected 2354 gold pieces.
You spent 1988 gold pieces at shops.

Inventory:

Hand Weapons
 k - a +1 whip of venom
 B - a +0 arbalest
 E - a +0 whip of electrocution
 F - a +0 morningstar
 W - the +12 whip of Action (weapon) {slash, *Slow rN++ Str+5}
   (You bought it in a shop on level 2 of the Orcish Mines)

   It inflicts extra damage upon your enemies.
   It affects your strength (+5).
   It greatly protects you from negative energy.
   It may slow you when you take damage.
Missiles
 u - 158 bolts
 M - 308 arrows
 N - 4 curare-tipped needles
Armour
 b - a +0 pair of boots (worn)
 h - the +7 chain mail of Impatience {Int+2}
   (You found it on level 6 of the Lair of Beasts)

   It affects your intelligence (+2).
 n - +0 swamp dragon scales
 o - +0 fire dragon scales
 w - a +0 troll leather armour (worn)
 x - a +2 hat (worn)
 C - a +1 shield of protection (worn)
 H - a +2 cloak of poison resistance (worn)
 V - a +2 pair of gloves of dexterity (worn)
Jewellery
 a - the amulet of the Mantidfly (around neck) {Regen+ Str+4}
   (You acquired it on level 3 of the Lair of Beasts)

   [amulet of regeneration]

   It affects your strength (+4).
   It increases your rate of regeneration.
 e - a +4 ring of evasion (left hand)
 Q - an uncursed ring of ice
 X - a ring of protection from fire (right hand)
Wands
 j - a wand of flame (56)
 s - a wand of polymorph (9)
 v - a wand of paralysis (10)
 U - a wand of enslavement (18)
 Z - a wand of disintegration (9)
Scrolls
 c - 2 scrolls of fog
 l - 6 scrolls of enchant weapon
 m - 3 scrolls of remove curse
 y - 6 scrolls of teleportation
 z - 3 scrolls of fear
 D - 5 scrolls of magic mapping
 L - 3 scrolls of amnesia
 O - 2 scrolls of enchant armour
 R - 5 scrolls of identify
 T - a scroll of vulnerability
Potions
 d - 4 potions of might
 g - 3 potions of cancellation
 i - a potion of berserk rage
 p - 4 potions of haste
 q - 10 potions of heal wounds
 r - a potion of flight
 t - 6 potions of brilliance
 A - 3 potions of magic
 G - 5 potions of curing
 J - 2 potions of mutation
 K - 3 potions of resistance
Miscellaneous
 P - 2 sacks of spiders
 S - a lamp of fire
Comestibles
 f - 44 rations
 I - 4 chunks of flesh


   Skills:
 * Level 12.2 Fighting
 * Level 15.0 Maces & Flails
 * Level 5.3 Crossbows
 - Level 9.0 Armour
 * Level 14.5 Dodging
 * Level 6.9 Shields
 * Level 1.6 Spellcasting
 * Level 9.0 Invocations
 - Level 9.0 Evocations


You had 19 spell levels left.
You didn't know any spells.
Your spell library contained the following spells:

 Spells                   Type           Power        Failure   Level  Hunger
 Corona                   Hex            #......      77%         1    ##.....
 Infusion                 Chrm           #...         77%         1    ##.....
 Sting                    Conj/Pois      #...         77%         1    ##.....
 Summon Small Mammal      Summ           #...         77%         1    ##.....
 Call Imp                 Summ           #.......     88%         2    ###....
 Poisonous Vapours        Pois/Air       #.....       88%         2    ###....
 Shroud of Golubria       Chrm/Tloc      #.........   88%         2    ###....
 Slow                     Hex            #.......     88%         2    ###....
 Song of Slaying          Chrm           #.......     88%         2    ###....
 Call Canine Familiar     Summ           #.......     98%         3    ####...
 Inner Flame              Hex/Fire       #.......     98%         3    ####...
 Mephitic Cloud           Conj/Pois/Air  #.......     98%         3    ####...
 Portal Projectile        Hex/Tloc       #.....       98%         3    ####...
 Spectral Weapon          Hex/Chrm       #.......     98%         3    ####...
 Summon Guardian Golem    Hex/Summ       #.......     98%         3    ####...
 Cause Fear               Hex            #.........   100%        4    #####..
 Leda's Liquefaction      Hex/Erth       #.........   100%        4    #####..
 Olgreb's Toxic Radiance  Pois           #.......     100%        4    #####..
 Summon Ice Beast         Ice/Summ       #.......     100%        4    #####..
 Summon Lightning Spire   Summ/Air       #.......     100%        4    #####..
 Irradiate                Conj/Tmut      #.........   100%        5    ######.
 Venom Bolt               Conj/Pois      #.........   100%        5    ######.
 Hydra Form               Tmut           #.........   100%        6    #######
 Statue Form              Tmut/Erth      #........    100%        6    #######
 Dragon Form              Tmut           #.........   100%        7    #######


Dungeon Overview and Level Annotations

Branches:
Dungeon (13/15)            Temple (1/1) D:7            Lair (6/6) D:11
  Swamp (1/4) Lair:3       Spider (0/4) Lair:2          Orc (2/2) D:12
    Elf (1/3) Orc:2
  Slime: Lair:5-6    Vaults: D:13-14

Altars:
Ashenzari
Dithmenos
Elyvilon
Fedhas
Gozag
Hepliaklqana
Kikubaaqudgha
Makhleb
Nemelex Xobeh
Okawaru
Qazlal
Ru
Sif Muna
Trog
Uskayaw
Vehumet
Wu Jian
Xom
Yredelemnul
Zin
The Shining One
Beogh
Jiyva

Shops:
D:11 =%   Orc:1 !   Orc:2 (*[=

Annotations:
D:12 unfinished
Lair:6 exclusion: oklob plant


Innate Abilities, Weirdness & Mutations

You are small and have problems with some larger weapons.
You are carnivorous and can eat meat at any time.


Message History

The hornet completely misses you. The hornet stings you!
You are poisoned.
You suddenly lose the ability to move!
The insubstantial wisp hits you but does no damage.
The hornet stings you! The hornet stings you.
You feel sick. The hornet stings you!
* * * LOW HITPOINT WARNING * * *
You feel as though you will be slow longer.
The hornet stings you!
* * * LOW HITPOINT WARNING * * *
The insubstantial wisp hits you but does no damage.
You feel sick.
The hornet stings you but does no damage. x2
The insubstantial wisp hits you!
* * * LOW HITPOINT WARNING * * *
The hornet stings you!
* * * LOW HITPOINT WARNING * * *
The hornet stings you but does no damage.
You feel sick. The hornet stings you.
You die...

≈≈≈.≈♣♣♣≈♣♣ ♣♣♣♣
♣♣♣ ≈≈≈......≈♣
≈≈....≈..♣♣
.......≈..♣♣♣♣♣
......≈≈≈.≈...♣♣
♣≈.≈≈≈≈≈≈.≈.≈≈≈♣
...§≈≈≈≈≈.≈.≈≈.♣
.≈≈≈..y.v.....≈♣
≈≈≈.>.†@...♣♣♣♣♣
≈≈...≈≈≈y♣♣♣
...≈≈≈≈≈.♣
...≈≈≈≈...
≈§.......≈.
♣≈.≈..≈.≈≈.♣
♣♣♣♣♣♣♣...♣♣
.....


You could see 2 hornets and an insubstantial wisp.

Vanquished Creatures
  A sphinx (D:12)
  A tengu reaver (D:12)
  Kirke (Lair:5)
  A deep elf sorcerer (Elf:1)
  2 orc warlords
  A dire elephant (Lair:6)
  A minotaur (Lab)
  A fire dragon (Lair:6)
  Josephine (Orc:1)
  Erolcha (Orc:1)
  5 hydras
  An ogre mage (D:12)
  5 alligators (Swamp:1)
  A two-headed ogre (D:9)
  Urug (Lair:1)
  4 orc high priests
  3 deep elf knights (Elf:1)
  The ghost of nocturnal the Destroyer, a novice DEFE of Sif Muna (Lair:1)
  2 unseen horrors (Lab)
  2 swamp dragons
  3 deep elf archers (Elf:1)
  A shambling mangrove (Swamp:1)
  Pikel (D:6)
  7 orc knights
  An oklob plant (D:11)
  11 deep elf magi (Elf:1)
  A necromancer (IceCv)
  2 ugly things (D:12)
  4 orc sorcerers
  2 cyclopes
  A manticore (D:12)
  3 ice statues (IceCv)
  9 elephants
  4 black mambas
  9 komodo dragons
  8 spiny frogs
  4 rime drakes
  7 ice devils (IceCv)
  The ghost of Gunterle the Conjurer, a novice OpWn (D:5)
  A queen bee (D:12)
  9 trolls
  3 meliai (D:12)
  9 polar bears (Lair:6)
  2 hornets
  30 blink frogs
  10 hippogriffs
  5 tyrant leeches (Swamp:1)
  A wind drake (shapeshifter) (Elf:1)
  6 slime creatures
  19 dream sheep
  5 raiju (Lair:6)
  3 bog bodies (Swamp:1)
  3 shadows
  6 wraiths
  A water elemental (D:12)
  A tarantella (Lair:2)
  Grum (D:8)
  40 yaks
  6 hogs
  4 basilisks
  A steam dragon (Lair:6)
  3 humans (D:13)
  14 vampire mosquitoes
  3 insubstantial wisps (Swamp:1)
  4 swamp worms (Swamp:1)
  2 soldier ants
  5 wargs
  6 acid dragons
  12 hell hounds (Lair:6)
  18 water moccasins
  A sky beast (D:11)
  7 porcupines
  Duvessa (D:5)
  13 black bears
  38 orc warriors
  2 ice beasts
  5 phantoms
  A hornet zombie (D:10)
  3 necrophages
  9 ogres
  A slave (D:4)
  19 wolves
  12 centaurs
  11 crocodiles
  6 big kobolds
  Blork the orc (D:5)
  8 bullfrogs
  A wyvern zombie (D:12)
  Dowan (D:5)
  42 killer bees
  5 wights (D:13)
  A howler monkey (D:7)
  3 electric eels (D:12)
  3 crimson imps
  2 centaur zombies
  9 hounds
  5 jellies
  A bullfrog zombie (D:12)
  23 orc wizards
  Crazy Yiuf (D:6)
  24 orc priests
  A bullfrog skeleton (D:6)
  4 centaur skeletons
  8 iguanas
  9 worker ants
  A spriggan simulacrum (IceCv)
  2 troll simulacra (IceCv)
  2 centaur simulacra (IceCv)
  A hound zombie (D:5)
  A hound skeleton (D:5)
  A howler monkey zombie (D:7)
  11 gnolls
  15 adders
  3 naga simulacra (IceCv)
  2 ogre simulacra (IceCv)
  A shadow imp (D:5)
  An ooze (D:2)
  2 worms
  2 dart slugs (D:1)
  5 leopard geckos
  81 orcs
  5 bats
  9 giant cockroaches
  9 goblins
  6 hobgoblins
  24 jackals
  31 kobolds
  5 quokkas
  2 ball pythons
  4 frilled lizards
  A jackal skeleton (D:5)
  A quokka skeleton (D:8)
  12 rats
  2 butterflies (Lair:4)
  2 plants (D:11)
873 creatures vanquished.

Vanquished Creatures (collateral kills)
  2 orc warriors (Orc:1)
  5 orcs (Orc:1)
  2 orc wizards (Orc:1)
9 creatures vanquished.

Vanquished Creatures (others)
  A troll (Orc:1)
  Eustachio (D:6)
  A human (Lair:6)
  A swamp worm (Swamp:1)
  5 orc warriors (Orc:1)
  2 slaves (D:6)
  A wolf (Lair:6)
  An orc priest (Orc:1)
  An orc wizard (Orc:1)
  An adder (D:12)
  A ball python (D:6)
  11 fungi
  16 plants
43 creatures vanquished.

Grand Total: 925 creatures vanquished

Notes
Turn   | Place    | Note
-------+----------+-------------------------------------------
     0 | D:1      | Ihlosi the Kobold Fighter began the quest for the Orb.
     0 | D:1      | Reached XP level 1. HP: 14/14 MP: 1/1
    90 | D:1      | Reached XP level 2. HP: 11/19 MP: 2/2
   387 | D:1      | Reached skill level 2 in Maces & Flails
   462 | D:1      | Reached XP level 3. HP: 22/23 MP: 3/3
  1007 | D:2      | Reached skill level 1 in Dodging
  1007 | D:2      | Reached XP level 4. HP: 24/29 MP: 4/4
  1255 | D:2      | Found a sparkling altar of Nemelex Xobeh.
  1651 | D:3      | Reached XP level 5. HP: 33/33 MP: 5/5
  1658 | D:3      | Reached skill level 3 in Maces & Flails
  1966 | D:3      | Reached skill level 1 in Evocations
  1966 | D:3      | Reached XP level 6. HP: 38/38 MP: 6/6
  2775 | D:4      | Found an iron altar of Okawaru.
  2863 | D:4      | Noticed an ogre
  3097 | D:4      | Found a shadowy altar of Dithmenos.
  3159 | D:5      | Entered Level 5 of the Dungeon
  3170 | D:5      | Noticed Duvessa
  3173 | D:5      | Noticed a phantom
  3176 | D:5      | Noticed Dowan
  3496 | D:6      | Reached XP level 7. HP: 43/43 MP: 8/8
  3700 | D:6      | Noticed Pikel
  3725 | D:4      | Found a burning altar of Makhleb.
  3725 | D:4      | Found a glowing golden altar of the Shining One.
  3894 | D:5      | Killed Dowan
  3894 | D:5      | Reached skill level 4 in Maces & Flails
  4293 | D:5      | Found a runed gate.
  4294 | D:5      | Found a runed gate.
  4294 | D:5      | Found a runed gate.
  4296 | D:5      | Noticed Gunterle's ghost (novice OpWn)
  4479 | D:5      | Noticed Blork the orc
  4490 | D:5      | Killed Blork the orc
  4626 | D:5      | Killed Duvessa
  4626 | D:5      | Reached XP level 8. HP: 48/48 MP: 9/9
  4705 | D:5      | Found a hazy altar of Hepliaklqana.
  4985 | D:4      | Got a crude quarterstaff
  5304 | D:4      | Reached skill level 5 in Maces & Flails
  6529 | D:6      | Killed Pikel
  6529 | D:6      | Reached skill level 5 in Fighting
  6529 | D:6      | Reached XP level 9. HP: 54/54 MP: 11/11
  6590 | D:6      | Killed Eustachio
  6696 | D:6      | Reached skill level 6 in Maces & Flails
  6829 | D:6      | Found a runed door.
  6833 | D:6      | Noticed Crazy Yiuf
  6837 | D:6      | Killed Crazy Yiuf
  7160 | D:7      | Found a staircase to the Ecumenical Temple.
  7207 | Temple   | Entered the Ecumenical Temple
  7501 | D:4      | Became a worshipper of the Shining One
  7676 | D:7      | Reached skill level 5 in Shields
  7917 | D:7      | Found a deep blue altar of Sif Muna.
  8189 | D:8      | Noticed Grum
  8227 | D:8      | Killed Grum
  8240 | D:8      | Reached skill level 7 in Maces & Flails
  8240 | D:8      | Reached XP level 10. HP: 39/60 MP: 13/13
  8314 | D:8      | Reached skill level 5 in Armour
  8552 | D:8      | Reached * piety under the Shining One
  8774 | D:8      | Reached skill level 5 in Dodging
  8884 | D:8      | Reached skill level 1 in Invocations
  9656 | D:9      | Reached skill level 5 in Evocations
 10011 | D:9      | Noticed a two-headed ogre
 10030 | D:9      | Killed a two-headed ogre
 10182 | D:9      | Found a shimmering altar of Xom.
 10581 | D:9      | Reached skill level 8 in Maces & Flails
 10838 | D:10     | Entered Level 10 of the Dungeon
 11032 | D:10     | Reached XP level 11. HP: 50/66 MP: 15/15
 11868 | D:11     | Noticed a four-headed hydra
 11923 | D:11     | Found Xehufij's Food Shoppe.
 12197 | D:11     | Noticed an oklob plant
 12304 | D:11     | Found a staircase to the Lair.
 12383 | D:11     | Found Nihocri's Jewellery Shoppe.
 12399 | D:11     | Killed a four-headed hydra
 12399 | D:11     | Reached skill level 9 in Maces & Flails
 12509 | D:11     | Reached ** piety under the Shining One
 12978 | D:11     | Bought a cursed ring of attention for 54 gold pieces
 12978 | D:11     | Bought a cursed -2 ring of strength for 24 gold pieces
 13039 | D:12     | Noticed a manticore
 13045 | D:12     | Killed a manticore
 13420 | D:12     | Noticed a six-headed hydra
 13472 | D:12     | Noticed a green ugly thing
 13700 | D:12     | Reached skill level 10 in Maces & Flails
 13704 | D:12     | Reached XP level 12. HP: 30/73 MP: 16/16
 13839 | D:12     | Killed a six-headed hydra
 13929 | D:12     | Noticed a tengu reaver
 13954 | D:12     | Killed a tengu reaver
 14023 | D:12     | Reached skill level 5 in Invocations
 14247 | D:12     | Reached *** piety under the Shining One
 14326 | D:12     | Noticed a sphinx
 14327 | D:12     | Paralysed by a sphinx for 4 turns
 14332 | D:12     | Got a crude longbow
 14343 | D:12     | Killed a sphinx
 14343 | D:12     | Reached skill level 11 in Maces & Flails
 14393 | D:12     | Identified the +1 quarterstaff of the Pariah {holy, SInv}
                  | (You found it on level 4 of the Dungeon)
 14437 | D:12     | Noticed an ogre mage
 14742 | D:13     | Reached XP level 13. HP: 73/80 MP: 17/17
 14913 | D:13     | Reached **** piety under the Shining One
 15091 | D:13     | Found a burning altar of Makhleb.
 15591 | Lair:1   | Entered Level 1 of the Lair of Beasts
 15613 | Lair:1   | Reached skill level 12 in Maces & Flails
 15652 | Lair:1   | Found a runed gate.
 15657 | Lair:1   | Found a runed gate.
 15657 | Lair:1   | Found a runed gate.
 15657 | Lair:1   | Found a labyrinth entrance.
 15659 | Lair:1   | Noticed nocturnal's ghost (novice DEFE)
 15663 | Lair:1   | Found a viscous altar of Jiyva.
 15672 | Lab      | Entered a labyrinth
 15764 | Lab      | Reached skill level 10 in Fighting
 15764 | Lab      | Reached skill level 10 in Dodging
 16010 | Lab      | Identified the +5 longbow of Severance {flame, *Slow rPois
                  | SInv} (You found it on level 12 of the Dungeon)
 16014 | Lab      | Noticed a minotaur
 16015 | Lab      | Found the +8 frozen axe "Frostbite" {freezing cloud, *Noise
                  | +Fly rC+}
 16029 | Lab      | Killed a minotaur
 16616 | Lair:1   | Noticed Urug
 16634 | Lair:1   | Killed Urug
 17786 | Lair:2   | Reached XP level 14. HP: 90/90 MP: 18/18
 18036 | Lair:2   | Found a hole to the Spider Nest.
 18358 | Lair:3   | Found a staircase to the Swamp.
 18447 | Lair:3   | Found a frozen archway.
 18503 | IceCv    | Entered an ice cave
 19080 | IceCv    | Reached ***** piety under the Shining One
 19332 | IceCv    | Got a transparent robe
 19361 | IceCv    | Identified the +1 robe of Sloth {Regen+} (You found it in
                  | an ice cave)
 20013 | Lair:3   | Identified 2 scrolls of acquirement
 20016 | Lair:3   | Got a scorched brass amulet
 20037 | Lair:3   | Identified the amulet of the Mantidfly {Regen+ Str+4} (You
                  | acquired it on level 3 of the Lair of Beasts)
 20639 | Lair:4   | Reached skill level 13 in Maces & Flails
 21487 | Lair:5   | Noticed Kirke
 21847 | Lair:5   | Killed Kirke
 22288 | D:5      | Reached XP level 15. HP: 95/96 MP: 20/20
 22310 | D:5      | Killed Gunterle's ghost
 22675 | Lair:1   | Killed nocturnal's ghost
 22959 | D:12     | Found a staircase to the Orcish Mines.
 23032 | Orc:1    | Entered Level 1 of the Orcish Mines
 23202 | Orc:2    | Entered Level 2 of the Orcish Mines
 23303 | Orc:1    | Noticed Josephine
 23307 | Orc:1    | Found a roughly hewn altar of Beogh.
 23312 | Orc:1    | Killed Josephine
 23312 | Orc:1    | Reached skill level 1 in Crossbows
 23321 | Orc:1    | Reached skill level 14 in Maces & Flails
 23331 | Orc:1    | Noticed Erolcha
 23339 | Orc:1    | Killed Erolcha
 23395 | Orc:1    | Noticed an orc warlord
 23424 | Orc:1    | Killed an orc warlord
 23446 | Orc:1    | Reached ****** piety under the Shining One
 23585 | Orc:1    | Found Midgh's Distillery.
 23916 | Orc:2    | Noticed an orc warlord
 23948 | Orc:2    | Killed an orc warlord
 24106 | Orc:2    | Found a roughly hewn altar of Beogh.
 24218 | Orc:2    | Found Puvvuczam's Antique Armour Shop.
 24234 | Orc:2    | Found Biofisid's Jewellery Shop.
 24253 | Orc:2    | Found Usanut's General Store.
 24261 | Orc:2    | Bought a scroll of magic mapping for 35 gold pieces
 24270 | Orc:2    | Found Ipoorah's Antique Weapon Shop.
 24277 | Orc:2    | Bought an ichor-stained whip for 195 gold pieces
 24390 | Orc:2    | Found a staircase to the Elven Halls.
 24601 | Orc:2    | Bought a transparent plate armour for 840 gold pieces
 24601 | Orc:2    | Bought a jewelled plate armour for 840 gold pieces
 24601 | Orc:2    | Identified the +12 whip of Action {slash, *Slow rN++ Str+5}
                  | (You bought it in a shop on level 2 of the Orcish Mines)
 24653 | Orc:2    | Identified the +6 plate armour of the Hare {-Tele rCorr
                  | Int+6 Dex+3} (You bought it in a shop on level 2 of the
                  | Orcish Mines)
 24677 | Orc:2    | Identified the cursed +1 plate armour "Kuwnal" {*Corrode
                  | rC+ SInv} (You bought it in a shop on level 2 of the Orcish
                  | Mines)
 24711 | Elf:1    | Entered Level 1 of the Elven Halls
 24882 | Elf:1    | Noticed a deep elf sorcerer
 24909 | Elf:1    | Killed a deep elf sorcerer
 24909 | Elf:1    | Reached XP level 16. HP: 101/101 MP: 22/22
 25346 | Lair:6   | Entered Level 6 of the Lair of Beasts
 26795 | Lair:6   | Got an encrusted chain mail
 26800 | Lair:6   | Reached skill level 1 in Spellcasting
 26817 | Lair:6   | Identified the +7 chain mail of Impatience {Int+2} (You
                  | found it on level 6 of the Lair of Beasts)
 27080 | Swamp:1  | Entered Level 1 of the Swamp
 27144 | Swamp:1  | Reached skill level 5 in Crossbows
 27299 | Swamp:1  | Reached skill level 15 in Maces & Flails
 27503 | Swamp:1  | Identified the Handbook of Enhancements
 27680 | Swamp:1  | Reached XP level 17. HP: 58/106 MP: 23/23
 27686 | Swamp:1  | Paralysed by a hornet for 3 turns
 27688 | Swamp:1  | HP: 1/106 [hornet[a shambling mangrove] (11)]
 27689 | Swamp:1  | Slain by a hornet

Skill      XL: |  1  2  3  4  5  6  7  8  9 10 11 12 13 14 15 16 |
---------------+-------------------------------------------------+-----
Maces & Flails | 2 3 4 5 7 8 10 11 12 13 14 15 | 15.0
Dodging        | 1 2 3 4 5 7 9 11 12 14 | 14.5
Armour         | 3 4 5 6 7 8 9 |  9.0
Shields        | 3 4 5 6 |  6.9
Fighting       | 4 5 6 7 9 11 12 | 12.2
Evocations     | 1 2 3 4 5 6 9 |  9.0
Invocations    | 2 4 5 6 7 8 9 |  9.0
Crossbows      | 3 5 |  5.3
Spellcasting   | 1 |  1.6

Action                   |  1- 3 |  4- 6 |  7- 9 | 10-12 | 13-15 | 16-18 || total
-------------------------+-------+-------+-------+-------+-------+-------++-------
Melee: Flail             |    74 |   203 |   356 |       |       |       ||   633
       Whip              |    11 |   121 |   199 |   796 |  1454 |   710 ||  3291
       Morningstar       |       |       |       |       |   247 |       ||   247
 Abil: Evoke Berserk Rag |       |     5 |    11 |    13 |     6 |       ||    35
Evoke: Wand              |       |       |       |       |    55 |       ||    55
       Lamp of fire      |       |       |       |       |     2 |       ||     2
  Use: Scroll            |       |     7 |    10 |    10 |    16 |     2 ||    45
       Potion            |       |       |     1 |     9 |     3 |     1 ||    14
  Eat: Chunk             |     9 |    12 |    24 |    34 |    40 |     9 ||   128
       Ration            |       |       |       |       |     1 |       ||     1
Armor: Scale mail        |    27 |    70 |   131 |    47 |       |       ||   275
       Troll leather arm |       |       |       |   113 |   148 |    96 ||   357
       Skin              |       |       |       |    18 |       |       ||    18
       Acid dragon scale |       |       |       |       |     2 |       ||     2
Dodge: Dodged            |    38 |   142 |   303 |   517 |   701 |   504 ||  2205
Block: Shield            |    50 |   171 |   282 |   396 |   571 |   410 ||  1880
